 Dungeon Crawl Stone Soup version 0.20-a0-351-gc9b4002 (webtiles) character file.

2844 shitimlost the Skirmisher (level 9, -12/50 HPs)
             Began as a Vine Stalker Fighter on Dec 26, 2016.
             Was a Priest of Qazlal.
             Mangled by a two-headed ogre
             ... wielding a +0 giant spiked club
              (24 damage)
             ... on level 8 of the Dungeon.
             The game lasted 00:23:46 (5651 turns).

shitimlost the Skirmisher (Vine Stalker Fighter)    Turns: 5651, Time: 00:23:47

Health: -12/50     AC:  8    Str: 25    XL:     9   Next: 74%
Magic:  0/4        EV:  9    Int: 12    God:    Qazlal [***...]
Gold:   219        SH:  3    Dex: 16    Spells: 8/8 levels left

rFire  x . .     SeeInvis +     w - +0 dagger "Targhor" {elec, +Blink rF- Str+5 Int+4} (curse)
rCold  + . .     Gourm    .     b - +1 scale mail
rNeg   + . .     Faith    .     (no shield)
rPois  +         Spirit   +     m - +2 helmet
rElec  .         Reflect  .     y - +0 cloak
rCorr  .         Harm     .     (no gloves)
MR     +....                    (no boots)
Stlth  ..........               (no amulet)
                                D - ring of the Distant Future {rPois rN+ MP-9 SInv}
                                l - ring of protection from cold

@: corroded
A: fangs 3, regeneration 1, magic shield, antimagic bite, no device heal 3, rot
immunity
a: Upheaval, Elemental Force, Renounce Religion, Evoke Blink


You were on level 8 of the Dungeon.
You worshipped Qazlal.
Qazlal was most pleased with you.
You were not hungry.

You visited 1 branch of the dungeon, and saw 8 of its levels.

You collected 408 gold pieces.
You spent 189 gold pieces at shops.

Inventory:

Hand Weapons
 a - a +0 trident
 g - a cursed -2 dagger
 i - a +0 short sword of draining
 w - the cursed +0 dagger "Targhor" (weapon) {elec, +Blink rF- Str+5 Int+4}
   (You bought it in a shop on level 5 of the Dungeon)

   Occasionally, upon striking a foe, it will discharge some electrical energy
   and cause terrible harm.
   It affects your strength (+5).
   It affects your intelligence (+4).
   It makes you vulnerable to fire.
   It lets you blink.
   It has a curse placed upon it.
Missiles
 d - 229 stones (quivered)
 j - 47 sling bullets
Armour
 b - a +1 scale mail (worn)
 c - a +0 shield
 m - a +2 helmet (worn)
 y - a +0 cloak (worn)
Magical Staves
 t - an uncursed staff of summoning
Jewellery
 l - a ring of protection from cold (left hand)
 n - an uncursed ring of stealth
 D - the ring of the Distant Future (right hand) {rPois rN+ MP-9 SInv}
   (You acquired it on level 7 of the Dungeon)

   [ring of see invisible]

   It protects you from poison.
   It protects you from negative energy.
   It affects your magic capacity (-9).
   It lets you see invisible.
Wands
 s - a wand of digging (20/24)
 B - a wand of random effects (14/48)
Scrolls
 h - 7 scrolls of teleportation
 o - 2 scrolls of fear
 q - 3 scrolls of remove curse
 z - a scroll of enchant armour
Potions
 e - a potion of heal wounds
 p - 3 potions of curing
 r - a potion of flight {unknown}
 u - 2 potions of agility {unknown}
 v - a potion of cancellation {unknown}
 A - a potion of magic {unknown}
Comestibles
 f - 6 bread rations
 k - 3 meat rations
 x - 3 chunks of flesh
 C - 2 beef jerkies


   Skills:
 - Level 7.0 Fighting
 + Level 5.9 Short Blades
 - Level 5.9 Polearms
 - Level 3.6 Armour
 - Level 3.8 Shields
 - Level 4.1 Invocations


You had 8 spell levels left.
You didn't know any spells.

Dungeon Overview and Level Annotations

Branches:
Dungeon (8/15)             Temple (0/1) D:5
   Lair: D:8-11

Altars:
Dithmenos
Kikubaaqudgha
Makhleb
Qazlal
Ru
Trog
Vehumet
Xom
The Shining One

Shops:
D:5 *(


Innate Abilities, Weirdness & Mutations

You have razor-sharp teeth.
Your natural rate of healing is unusually fast.
When hurt, damage is shared between your health and your magic reserves.
Your bite disrupts and absorbs the magic of your enemies.
Potions cannot restore your health.
You are immune to rotting.


Message History

The two-headed ogre hits you with a giant spiked club!
The two-headed ogre barely misses you.
As you read the scroll of fear, it crumbles to dust.
You assume a fearsome visage.
The two-headed ogre resists with almost no effort.
The two-headed ogre hits you with a giant spiked club!
* * * LOW HITPOINT WARNING * * *
You block the two-headed ogre's attack.
You don't have enough magic capacity.
Okay, then.
Okay, then.
Okay, then.
You blink.
You feel slightly more hungry. The two-headed ogre closely misses you.
The two-headed ogre hits you but does no damage.
Okay, then.
You hit the two-headed ogre but do no damage.
You bite the two-headed ogre, but do no damage.
The two-headed ogre hits you with a giant spiked club!!
You die...

#.. # ##..
.# ##...
..# ....#
#..#
....###..#
#...#...#
#..?..#
#@..#
###O.##
#####...##
#.....†##
#....###
#..###
#..# #..#
#..#


You could see a two-headed ogre.

Vanquished Creatures
  Grinder (D:3)
  A hippogriff (D:7)
  Eustachio (D:5)
  Menkaure (D:4)
  A black bear (D:8)
  2 ice beasts
  2 sky beasts (D:6)
  A centaur (D:7)
  2 ogres
  A big kobold (D:3)
  4 bullfrogs (D:6)
  A scorpion (D:7)
  A bullfrog zombie (D:5)
  A quasit (D:4)
  A crimson imp (D:5)
  2 jellies
  A centaur zombie (D:5)
  A bullfrog skeleton (D:4)
  6 orc wizards
  5 hounds
  An orc priest (D:8)
  3 iguanas
  7 worker ants
  A hound zombie (D:7)
  11 adders
  2 shadow imps
  An ooze (D:3)
  An adder skeleton (D:4)
  4 worms
  A dart slug (D:3)
  2 leopard geckos
  19 orcs
  2 ball pythons
  6 giant cockroaches
  6 goblins
  9 hobgoblins
  8 jackals
  9 kobolds
  4 quokkas
  6 bats
  6 frilled lizards
  A jackal zombie (D:5)
  A quokka skeleton (D:6)
  15 rats
162 creatures vanquished.

Notes
Turn   | Place    | Note
-------+----------+-------------------------------------------
     0 | D:1      | shitimlost the Vine Stalker Fighter began the quest for the Orb.
     0 | D:1      | Reached XP level 1. HP: 11/11 MP: 2/2
    52 | D:1      | Reached XP level 2. HP: 14/16 MP: 3/3
   493 | D:2      | Reached skill level 3 in Fighting
   573 | D:2      | Reached XP level 3. HP: 20/20 MP: 4/4
  1344 | D:3      | Gained mutation: Your natural rate of healing is unusually fast. [Vine Stalker growth]
  1344 | D:3      | Reached XP level 4. HP: 24/24 MP: 5/5
  1358 | D:3      | Found a stormy altar of Qazlal.
  1360 | D:3      | Noticed a water elemental
  1361 | D:3      | Noticed a fire elemental
  1361 | D:3      | Noticed an earth elemental
  1361 | D:3      | Noticed an air elemental
  1374 | D:3      | Noticed Grinder
  1385 | D:3      | Paralysed by Grinder for 7 turns
  1392 | D:3      | Killed Grinder
  1392 | D:3      | Reached XP level 5. HP: 3/29 MP: 3/6
  1392 | D:3      | Reached XP level 6. HP: 4/33 MP: 3/7
  1451 | D:3      | Became a worshipper of Qazlal Stormbringer
  1692 | D:3      | Reached skill level 4 in Fighting
  2037 | D:3      | Reached XP level 7. HP: 36/38 MP: 6/8
  2062 | D:3      | You fall through a shaft!
  2102 | D:4      | Reached * piety under Qazlal
  2311 | D:4      | Noticed Menkaure
  2374 | D:3      | Reached skill level 5 in Fighting
  2839 | D:4      | Found an ancient bone altar of Kikubaaqudgha.
  2850 | D:4      | Found a sacrificial altar of Ru.
  2889 | D:4      | Killed Menkaure
  2889 | D:4      | Reached skill level 5 in Polearms
  2889 | D:4      | Gained mutation: You have razor-sharp teeth. [Vine Stalker growth]
  2889 | D:4      | Reached XP level 8. HP: 44/44 MP: 7/9
  3430 | D:5      | Entered Level 5 of the Dungeon
  3431 | D:5      | Found a staircase to the Ecumenical Temple.
  3504 | D:5      | Found a burning altar of Makhleb.
  3505 | D:5      | Found a shimmering altar of Xom.
  3560 | D:5      | Found a glowing golden altar of the Shining One.
  3568 | D:5      | Reached skill level 6 in Fighting
  3592 | D:5      | Noticed Eustachio
  3610 | D:5      | Killed Eustachio
  3613 | D:5      | Reached ** piety under Qazlal
  3700 | D:5      | Found Esesaluz's Weapon Boutique.
  4025 | D:5      | Found Limnups's Assorted Antiques.
  4029 | D:5      | Bought a pitted dagger for 189 gold pieces
  4029 | D:5      | Identified the cursed +0 dagger "Targhor" {elec, +Blink rF- Str+5 Int+4} (You bought it in a shop on level 5 of the Dungeon)
  4098 | D:6      | Reached skill level 1 in Invocations
  4168 | D:6      | Found a shadowy altar of Dithmenos.
  4186 | D:6      | Reached skill level 7 in Fighting
  4206 | D:6      | Found a radiant altar of Vehumet.
  4261 | D:6      | Reached skill level 1 in Short Blades
  4357 | D:6      | Reached XP level 9. HP: 50/50 MP: 12/12
  4767 | D:6      | Found a bloodstained altar of Trog.
  5016 | D:7      | Reached *** piety under Qazlal
  5016 | D:7      | Reached skill level 5 in Short Blades
  5168 | D:7      | Identified a scroll of acquirement
  5169 | D:7      | Got a shimmering lapis lazuli ring
  5171 | D:7      | Identified the ring of the Distant Future {rPois rN+ MP-9 SInv} (You acquired it on level 7 of the Dungeon)
  5643 | D:8      | Noticed a two-headed ogre
  5651 | D:8      | Mangled by a two-headed ogre

Vault maps used:
D:1:      erik_arrival_orb_chamber
D:2:      minmay_distorted
D:3:      wad_river_or_something, nicolae_qazlal_style_of_elements,
          kennysheep_another_room, uniq_grinder
D:4:      nicolae_overflow_hidden_temple, minmay_misc_feat_roman,
          minmay_statues_item, uniq_menkaure
D:5:      grunt_temple_overflow_champion_of_chaos, lemuel_round_altar,
          first_bread, serial_shops, nicolae_shop_statue_plus, shop,
          uniq_eustachio
D:6:      kennysheep_spiral_hall, lemuel_doored_altar, old_standard_altar,
          trog_hazing_becter
D:8:      kennysheep_mini, grunt_lair_entry_orc_guard_hut, enter_ossuary_4,
          grunt_pizzeria, nicolae_sextant

Skill      XL: |  1  2  3  4  5  6  7  8  9 |
---------------+----------------------------+-----
Polearms       | 2 3 5 |  5.9
Fighting       | 3 4 5 7 |  7.0
Shields        | 3 |  3.8
Armour         | 3 |  3.6
Invocations    | 3 4 |  4.1
Short Blades   | 1 5 |  5.9

Action                   |  1- 3 |  4- 6 |  7- 9 || total
-------------------------+-------+-------+-------++-------
Melee: Trident           |   135 |    97 |   198 ||   430
       Bite              |    33 |    26 |   118 ||   177
       Dagger            |       |       |   158 ||   158
Throw: Stone             |       |       |    15 ||    15
Invok: Upheaval          |       |       |     1 ||     1
 Abil: Evoke Blink       |       |       |     1 ||     1
Evoke: Wand              |       |       |     3 ||     3
  Use: Scroll            |     5 |     4 |    10 ||    19
       Potion            |       |     3 |     3 ||     6
  Eat: Chunk             |     1 |       |     3 ||     4
       Meat ration       |       |     1 |       ||     1
       Beef jerky        |       |       |     1 ||     1
       Bread ration      |       |       |     1 ||     1
       Fruit             |       |       |     2 ||     2
Armor: Scale mail        |    41 |    50 |   181 ||   272
       Skin              |       |       |    36 ||    36
Dodge: Dodged            |    30 |    39 |   157 ||   226
Block: Shield            |    46 |    20 |       ||    66
       Other             |       |       |    37 ||    37
